| TOP OF THE 1ST |
|
Cabo San Lucas Worms batting - Pitching for Castries Palmeras : RHP Matt E Williams
|
|
Pitching: RHP Matt E Williams
|
|
|
Batting: SHB Mike Felder
|
0-0: Bunt - Flyout to 13! F1
|
|
Batting: LHB Joseph Bruno
|
0-0: Ball 1-0: Swinging Strike 1-1: Fly out, F9 (Flyball, 9, EV 96.3 MPH)
|
|
Batting: LHB Ernie Riles
|
0-0: Called Strike 0-1: Ground out U3 (Groundball, 34, EV 85.0 MPH)
|
| Top of the 1st over - 0 runs, 0 hits, 0 errors, 0 left on base; Cabo San Lucas 0 - Castries 0 |
| BOTTOM OF THE 1ST |
|
Castries Palmeras batting - Pitching for Cabo San Lucas Worms : RHP Carlos Rodriguez
|
|
Pitching: RHP Carlos Rodriguez
|
|
|
Batting: SHB Ignacio Medina
|
0-0: Ball 1-0: Ball 2-0: Called Strike 2-1: Foul Ball, location: 2F 2-2: Foul Ball, location: 2F 2-2: SINGLE (Groundball, 4MS, EV 74.4 MPH) (infield hit)
|
|
Batting: RHB Mike Sharperson
|
0-0: Ball 1-0: Called Strike Ignacio Medina steals 2nd base 1-1: SINGLE (Groundball, 34D, EV 96.9 MPH) Ignacio Medina to third Runner from 3rd tries for Home, SAFE, throw by RF to home
|
|
Batting: RHB Kevin McReynolds
|
0-0: Called Strike Mike Sharperson steals 2nd base (no throw) 0-1: Ball 1-1: Fly out, F9 (Flyball, 9LS, EV 90.6 MPH)
|
|
Batting: LHB Creighton Tevlin
|
0-0: SINGLE (Groundball, 4MD, EV 95.0 MPH) Mike Sharperson to third Runner from 3rd tries for Home, SAFE, throw by CF to home
|
|
Batting: RHB Rob Teegarden
|
0-0: Ball 1-0: Foul Ball, location: 2F 1-1: Grounds into double play, 3-6-3 (Groundball, 3S, EV 87.5 MPH)
|
| Bottom of the 1st over - 2 runs, 3 hits, 0 errors, 0 left on base; Cabo San Lucas 0 - Castries 2 |
| TOP OF THE 2ND |
|
Cabo San Lucas Worms batting - Pitching for Castries Palmeras : RHP Matt E Williams
|
|
Batting: LHB Louie Meadows
|
0-0: Foul Ball, location: 2F 0-1: Ball 1-1: Swinging Strike 1-2: Ball 2-2: Ground out 6-3 (Groundball, 6, EV 108.8 MPH)
|
|
Batting: RHB Andrew Barbee
|
0-0: Ball 1-0: Ball 2-0: Called Strike 2-1: Called Strike 2-2: Ball 3-2: Fly out, F8 (Flyball, 8LM, EV 86.9 MPH)
|
|
Batting: RHB Paul Zuvella
|
0-0: Ball 1-0: Called Strike 1-1: Ball 2-1: Called Strike 2-2: Strikes out looking
|
| Top of the 2nd over - 0 runs, 0 hits, 0 errors, 0 left on base; Cabo San Lucas 0 - Castries 2 |
| BOTTOM OF THE 2ND |
|
Castries Palmeras batting - Pitching for Cabo San Lucas Worms : RHP Carlos Rodriguez
|
|
Batting: LHB Franklin Lopez
|
0-0: Called Strike 0-1: Ball 1-1: Ground out 4-3 (Groundball, 4, EV 78.1 MPH)
|
|
Batting: LHB Joe DeSa
|
0-0: Foul Ball, location: 2F 0-1: Foul Ball, location: 2F 0-2: Foul Ball, location: 2F 0-2: Foul Ball, location: 2F 0-2: Strikes out swinging
|
|
Batting: SHB Danny Torres
|
0-0: Swinging Strike 0-1: Foul Ball, location: 2F 0-2: Ball 1-2: Ball 2-2: Strikes out looking
|
| Bottom of the 2nd over - 0 runs, 0 hits, 0 errors, 0 left on base; Cabo San Lucas 0 - Castries 2 |
| TOP OF THE 3RD |
|
Cabo San Lucas Worms batting - Pitching for Castries Palmeras : RHP Matt E Williams
|
|
Batting: LHB Derwin McNealy
|
0-0: Foul Ball, location: 2F 0-1: Swinging Strike 0-2: Strikes out looking
|
|
Batting: RHB Todd Smith
|
0-0: Ball 1-0: Foul Ball, location: 2F 1-1: Ball 2-1: Ball 3-1: Fly out, F5 (Line Drive, 5, EV 68.1 MPH)
|
|
Batting: RHB Bill Pecota
|
0-0: Ball 1-0: Foul Ball, location: 2F 1-1: Fly out, F8 (Flyball, 89D, EV 93.8 MPH)
|
| Top of the 3rd over - 0 runs, 0 hits, 0 errors, 0 left on base; Cabo San Lucas 0 - Castries 2 |
| BOTTOM OF THE 3RD |
|
Castries Palmeras batting - Pitching for Cabo San Lucas Worms : RHP Carlos Rodriguez
|
|
Batting: RHB Stewart Bringhurst
|
0-0: Called Strike 0-1: Fly out, F3 (Line Drive, 3, EV 71.3 MPH)
|
|
Batting: SHB Ignacio Medina
|
0-0: Ball 1-0: Ball 2-0: SINGLE (Groundball, 6MD, EV 106.3 MPH)
|
|
Batting: RHB Mike Sharperson
|
0-0: Ball 1-0: Called Strike Ignacio Medina is caught stealing 2nd base 2-4 1-1: Ball 2-1: Ball 3-1: Foul Ball, location: 2F 3-2: Strikes out looking
|
| Bottom of the 3rd over - 0 runs, 1 hit, 0 errors, 0 left on base; Cabo San Lucas 0 - Castries 2 |
| TOP OF THE 4TH |
|
Cabo San Lucas Worms batting - Pitching for Castries Palmeras : RHP Matt E Williams
|
|
Batting: SHB Mike Felder
|
0-0: Ball 1-0: Ball 2-0: Ball 3-0: Base on Balls
|
|
Batting: LHB Joseph Bruno
|
0-0: Ball 1-0: Foul Ball, location: 2F 1-1: Ball 2-1: Foul Ball, location: 2F 2-2: Strikes out swinging Mike Felder steals 2nd base Batter strikes out.
|
|
Batting: LHB Ernie Riles
|
0-0: Called Strike 0-1: Called Strike Mike Felder steals 3rd base 0-2: Ball 1-2: Ball 2-2: Foul Ball, location: 2F 2-2: Strikes out looking
|
|
Batting: LHB Louie Meadows
|
0-0: Called Strike 0-1: Fly out, F7 (Flyball, 78M, EV 80.6 MPH)
|
| Top of the 4th over - 0 runs, 0 hits, 0 errors, 1 left on base; Cabo San Lucas 0 - Castries 2 |
| BOTTOM OF THE 4TH |
|
Castries Palmeras batting - Pitching for Cabo San Lucas Worms : RHP Carlos Rodriguez
|
|
Batting: RHB Kevin McReynolds
|
0-0: SINGLE (Line Drive, 3D, EV 94.4 MPH)
|
|
Batting: LHB Creighton Tevlin
|
0-0: Ball 1-0: Ball 2-0: Ball 3-0: Swinging Strike 3-1: Called Strike 3-2: Base on Balls Kevin McReynolds to second
|
|
Batting: RHB Rob Teegarden
|
0-0: Called Strike 0-1: Hit by Pitch Kevin McReynolds to third Creighton Tevlin to second
|
|
Batting: LHB Franklin Lopez
|
0-0: Foul Ball, location: 2F 0-1: Fielders Choice at 2nd, 3-6 (Groundball, 3, EV 89.4 MPH) Kevin McReynolds scores Creighton Tevlin to third
|
|
Batting: LHB Joe DeSa
|
0-0: Called Strike 0-1: Ball 1-1: Called Strike 1-2: Foul Ball, location: 2F 1-2: Strikes out swinging
|
|
Batting: SHB Danny Torres
|
0-0: Called Strike 0-1: Foul Ball, location: 2F 0-2: Fly out, F5 (Popup, 5S, EV 68.8 MPH)
|
| Bottom of the 4th over - 1 run, 1 hit, 0 errors, 2 left on base; Cabo San Lucas 0 - Castries 3 |
| TOP OF THE 5TH |
|
Cabo San Lucas Worms batting - Pitching for Castries Palmeras : RHP Matt E Williams
|
|
Batting: RHB Andrew Barbee
|
0-0: Ball 1-0: Ball 2-0: Called Strike 2-1: Swinging Strike 2-2: Foul Ball, location: 2F 2-2: Strikes out looking
|
|
Batting: RHB Paul Zuvella
|
0-0: Ball 1-0: Ground out 5-3 (Groundball, 56, EV 85.0 MPH)
|
|
Batting: LHB Derwin McNealy
|
0-0: Ball 1-0: Ball 2-0: Ground out 4-3 (Groundball, 4, EV 81.3 MPH)
|
| Top of the 5th over - 0 runs, 0 hits, 0 errors, 0 left on base; Cabo San Lucas 0 - Castries 3 |
| BOTTOM OF THE 5TH |
|
Castries Palmeras batting - Pitching for Cabo San Lucas Worms : RHP Carlos Rodriguez
|
|
Batting: RHB Stewart Bringhurst
|
0-0: Ball 1-0: Called Strike 1-1: Ball 2-1: Called Strike 2-2: Strikes out swinging
|
|
Batting: SHB Ignacio Medina
|
0-0: Foul Ball, location: 2F 0-1: Ball 1-1: SINGLE (Groundball, 34S, EV 76.9 MPH) (infield hit)
|
|
Batting: RHB Mike Sharperson
|
0-0: Called Strike 0-1: Ball 1-1: Ball 2-1: Swinging Strike 2-2: Strikes out swinging Ignacio Medina steals 2nd base Batter strikes out.
|
|
Batting: RHB Kevin McReynolds
|
0-0: Ball 1-0: Ground out U3 (Groundball, 3D, EV 110.0 MPH)
|
| Bottom of the 5th over - 0 runs, 1 hit, 0 errors, 1 left on base; Cabo San Lucas 0 - Castries 3 |
| TOP OF THE 6TH |
|
Cabo San Lucas Worms batting - Pitching for Castries Palmeras : RHP Matt E Williams
|
|
Batting: RHB Todd Smith
|
0-0: Called Strike 0-1: Ball 1-1: Ball 2-1: Called Strike 2-2: Foul Ball, location: 2F 2-2: DOUBLE (Line Drive, 89M, EV 100.0 MPH)
|
|
Batting: RHB Bill Pecota
|
0-0: Ball 1-0: Foul Ball, location: 2F 1-1: Ball 2-1: Ball 3-1: Base on Balls
|
|
Batting: SHB Mike Felder
|
0-0: Sac Bunt to 2R - play at first, batter OUT! 2-3 Todd Smith to third Bill Pecota to second
|
|
Batting: LHB Joseph Bruno
|
0-0: Called Strike 0-1: Ball 1-1: Called Strike 1-2: Ball 2-2: Foul Ball, location: 2F 2-2: Foul Ball, location: 2F 2-2: Ball 3-2: Fly out, F9 (Flyball, 9D, EV 101.3 MPH) Runner from 3rd tags up, SCORES, throw by RF Bill Pecota to third
|
|
Batting: LHB Ernie Riles
|
0-0: Called Strike 0-1: Ball 1-1: Ball 2-1: Ball 3-1: DOUBLE (Flyball, 8LXD, EV 93.1 MPH) Bill Pecota scores
|
|
Batting: LHB Louie Meadows
|
0-0: Ball 1-0: Swinging Strike 1-1: Fly out, F6 (Popup, 6, EV 58.1 MPH)
|
| Top of the 6th over - 2 runs, 2 hits, 0 errors, 1 left on base; Cabo San Lucas 2 - Castries 3 |
| BOTTOM OF THE 6TH |
|
Castries Palmeras batting - Pitching for Cabo San Lucas Worms : RHP Carlos Rodriguez
|
|
Batting: LHB Creighton Tevlin
|
0-0: SINGLE (Line Drive, 7S, EV 88.1 MPH)
|
|
Batting: RHB Rob Teegarden
|
0-0: Called Strike 0-1: Ball 1-1: Called Strike 1-2: Strikes out swinging
|
|
Batting: LHB Franklin Lopez
|
0-0: Fielders Choice at 2nd, 1-4 (Groundball, 15S, EV 68.1 MPH)
|
|
Batting: LHB Joe DeSa
|
0-0: Called Strike 0-1: Ball 1-1: Fly out, F9 (Flyball, 89S, EV 83.8 MPH)
|
| Bottom of the 6th over - 0 runs, 1 hit, 0 errors, 1 left on base; Cabo San Lucas 2 - Castries 3 |
| TOP OF THE 7TH |
|
Cabo San Lucas Worms batting - Pitching for Castries Palmeras : RHP Matt E Williams
|
|
Batting: RHB Andrew Barbee
|
0-0: Called Strike 0-1: Called Strike 0-2: Strikes out swinging
|
|
Batting: RHB Paul Zuvella
|
0-0: Ball 1-0: Ball 2-0: Ground out 4-3 (Groundball, 4, EV 102.5 MPH)
|
|
Batting: LHB Derwin McNealy
|
0-0: Foul Ball, location: 2F 0-1: Ball 1-1: Foul Ball, location: 2F 1-2: Fly out, F5 (Popup, 5L, EV 59.4 MPH)
|
| Top of the 7th over - 0 runs, 0 hits, 0 errors, 0 left on base; Cabo San Lucas 2 - Castries 3 |
| BOTTOM OF THE 7TH |
|
Castries Palmeras batting - Pitching for Cabo San Lucas Worms : RHP Carlos Rodriguez
|
|
Batting: SHB Danny Torres
|
0-0: Ball 1-0: Ball 2-0: Fly out, F8 (Flyball, 8RM, EV 83.1 MPH)
|
|
Batting: RHB Stewart Bringhurst
|
0-0: Called Strike 0-1: Swinging Strike 0-2: Ball 1-2: Strikes out swinging
|
|
Batting: SHB Ignacio Medina
|
0-0: Called Strike 0-1: Reached on error, E4 (Groundball, 4, EV 80.6 MPH)
|
|
Batting: RHB Mike Sharperson
|
0-0: Ball 1-0: SINGLE (Line Drive, 3, EV 65.6 MPH) (infield hit) Ignacio Medina to second
|
|
Batting: RHB Kevin McReynolds
|
0-0: Fly out, F8 (Flyball, 89M, EV 89.4 MPH)
|
| Bottom of the 7th over - 0 runs, 1 hit, 1 error, 2 left on base; Cabo San Lucas 2 - Castries 3 |
| TOP OF THE 8TH |
|
Cabo San Lucas Worms batting - Pitching for Castries Palmeras : RHP Matt E Williams
|
|
Now at 2B: Danny Ramires
|
|
|
Batting: RHB Todd Smith
|
0-0: Called Strike 0-1: Called Strike 0-2: Ball 1-2: Foul Ball, location: 2F 1-2: Foul Ball, location: 2F 1-2: Strikes out looking
|
|
Batting: RHB Bill Pecota
|
0-0: Foul Ball, location: 2F 0-1: Foul Ball, location: 2F 0-2: Ball 1-2: Foul Ball, location: 2F 1-2: Strikes out swinging
|
|
Batting: SHB Mike Felder
|
0-0: Ball 1-0: Swinging Strike 1-1: Ball 2-1: Foul Ball, location: 2F 2-2: Ball 3-2: Foul Ball, location: 2F 3-2: Base on Balls
|
|
Batting: LHB Joseph Bruno
|
0-0: Called Strike Mike Felder steals 2nd base 0-1: Ball 1-1: Swinging Strike 1-2: Foul Ball, location: 2F 1-2: SINGLE (Groundball, 4MD, EV 98.1 MPH) Mike Felder to third Runner from 3rd tries for Home, SAFE, throw by CF to home
|
|
Batting: LHB Ernie Riles
|
0-0: Ball 1-0: Ball Joseph Bruno steals 2nd base 2-0: Foul Ball, location: 2F 2-1: Ball 3-1: Ground out 3-1 (Groundball, 13, EV 90.6 MPH)
|
| Top of the 8th over - 1 run, 1 hit, 0 errors, 1 left on base; Cabo San Lucas 3 - Castries 3 |
| BOTTOM OF THE 8TH |
|
Castries Palmeras batting - Pitching for Cabo San Lucas Worms : RHP Carlos Rodriguez
|
|
Batting: LHB Creighton Tevlin
|
0-0: Ball 1-0: Reached on error, E5 (Groundball, 5, EV 106.9 MPH)
|
|
Batting: RHB Rob Teegarden
|
0-0: Swinging Strike Passed Ball! Creighton Tevlin to third 0-1: Ball 1-1: Fly out, F7 (Flyball, 78D, EV 101.9 MPH) Runner from 3rd tags up, SCORES, throw by LF
|
|
Pitching: RHP Kevin Teate
|
|
|
Batting: LHB Franklin Lopez
|
0-0: Called Strike 0-1: Ball 1-1: Ball 2-1: Ground out 6-3 (Groundball, 6, EV 84.4 MPH)
|
|
Batting: LHB Joe DeSa
|
0-0: Ball 1-0: Ball 2-0: Foul Ball, location: 2F 2-1: Called Strike 2-2: Ball 3-2: Fly out, F7 (Flyball, 78D, EV 91.9 MPH)
|
| Bottom of the 8th over - 1 run, 0 hits, 1 error, 0 left on base; Cabo San Lucas 3 - Castries 4 |
| TOP OF THE 9TH |
|
Cabo San Lucas Worms batting - Pitching for Castries Palmeras : RHP Matt E Williams
|
|
Pitching: LHP Richard Broas
|
|
|
Batting: LHB Louie Meadows
|
0-0: Fly out, F7 (Flyball, 7LS, EV 85.6 MPH)
|
|
Batting: RHB Andrew Barbee
|
0-0: Foul Ball, location: 2F 0-1: Ball 1-1: Ground out 6-3 (Groundball, 6, EV 88.1 MPH)
|
|
Batting: RHB Paul Zuvella
|
0-0: Called Strike 0-1: Ball 1-1: Fly out, F7 (Flyball, 7LM, EV 98.1 MPH)
|
| Top of the 9th over - 0 runs, 0 hits, 0 errors, 0 left on base; Cabo San Lucas 3 - Castries 4 |
|